 Dungeon Crawl Stone Soup version 0.32-a0-871-ge202e49faa (webtiles) character file.

Game seed: 13612723180332349845

79 Frost42 the Chopper (level 4, 0/40 HPs)
             Began as a Mountain Dwarf Fighter on Mar 29, 2024.
             Succumbed to Ijyb's poison
             ... on level 3 of the Dungeon.
             The game lasted 00:06:37 (2531 turns).

Frost42 the Chopper (Mountain Dwarf Fighter)        Turns: 2531, Time: 00:06:37

Health: 0/40       AC:  7    Str: 21    XL:     4   Next: 17%
Magic:  4/4        EV:  8    Int:  8    God:
Gold:   80         SH:  4    Dex:  9    Spells: 3/3 levels left

rFire   . . .        a - +0 war axe
rCold   . . .        c - +0 buckler
rNeg    . . .        b - +0 scale mail
rPois   .            (no helmet)
rElec   .            (no cloak)
rCorr   .            (no gloves)
SInv    .            (no boots)
Will    .....        (no amulet) Stlth
                     (no ring)
HPRegen 0.26/turn    (no ring)
MPRegen 0.09/turn

%: no passive effects
@: lethally poisoned (0 -> -11), hasted, very quick
A: runic magic, artefact enchanting
a: no special abilities


You were on level 3 of the Dungeon.
You visited 1 branch of the dungeon, and saw 3 of its levels.

You collected 80 gold pieces.

Inventory:

Hand Weapons
 a - a +0 war axe (weapon)
 o - a +0 spear
Missiles
 h - 8 stones (quivered)
Armour
 b - a +0 scale mail (worn)
 c - a +0 buckler (worn)
Jewellery
 g - a ring of fire
Scrolls
 f - a scroll of blinking {unknown}
 j - a scroll of fog {unknown}
 m - a scroll of acquirement {unknown}
 n - a scroll of identify {unknown}
Potions
 d - a potion of might
 e - a potion of mutation {unknown}
 k - a potion of magic {unknown}
 l - a potion of haste


   Skills:
 * Level 3.9 Fighting
 * Level 4.1 Axes
 + Level 3.7 Armour
 + Level 0.2 Dodging
 + Level 3.5 Shields


You had 3 spell levels left.
You didn't know any spells.
Your spell library contained the following spells:

 Spells                   Type           Power      Damage    Failure   Level
 Mercury Vapours          Alch/Air       0%         N/A       71%         2
 Mephitic Cloud           Conj/Alch/Air  0%         N/A       90%         3
 Freezing Cloud           Conj/Ice/Air   0%         6-21      100%        5


Dungeon Overview and Level Annotations

Branches:
Dungeon (3/15)

Altars:
Uskayaw

Annotations:
D:3 Ijyb


Innate Abilities, Weirdness & Mutations

Your spellcasting is much less encumbered by armour.
You can use scrolls of enchantment on lesser artefacts.


Message History

Aim: Ijyb, wielding a +1 dagger of venom, wearing a +0 leather armour and carrying a wand of flame (40% to hit)
You throw a stone. The stone hits Ijyb but does no damage.
Ijyb zaps a wand.
The puff of flame hits you.
A ribbon worm comes into view.
The adder barely misses you.
You slash the adder!
You kill the adder!
You hit Ijyb but do no damage. Ijyb closely misses you.
Your Axes skill increases to level 4!
Ijyb closely misses you.
Ijyb hits you with a +1 dagger of venom.
Ijyb hits you with a +1 dagger of venom.
You are poisoned.
The ribbon worm bites you but does no damage.
You hit Ijyb but do no damage. You hit the ribbon worm.
You feel very sick.
Ijyb hits you with a +1 dagger of venom.
You are more poisoned.
The ribbon worm bites you. Ijyb barely misses you.
You miss Ijyb. You hit the ribbon worm.
You feel very sick.
The ribbon worm bites you but does no damage.
Ijyb hits you but does no damage.
You barely miss Ijyb. You hit the ribbon worm.
* * * LOW HITPOINT WARNING * * *
You feel very sick. Ijyb hits you but does no damage.
You are lethally poisoned!
The ribbon worm bites you.
* * * LOW HITPOINT WARNING * * *
It was a potion of haste.
You feel yourself speed up.
* * * LOW HITPOINT WARNING * * *
You feel very sick. Ijyb closely misses you.
You block the ribbon worm's attack.
As you read the scroll labelled YTOHET MUQAN, it crumbles to dust.
You assume a fearsome visage.
Ijyb looks frightened!
The ribbon worm looks frightened!
It was a scroll of fear.
* * * LOW HITPOINT WARNING * * *
You feel very sick.
You die...

##### ... ...#
...######.#######
...+.##........%##
...#.##.#.#......##
.....##.#.#...#...##
...............g@..#
..........###.####w#
...†......# #.# ...
..........# #<# ...#
####.#...## ###
#.... #.#>.## .....
#...## ######
####.#.# .....###


You could see Ijyb (fleeing) and a ribbon worm (fleeing).

Vanquished Creatures
  3 adders (D:3)
  A ribbon worm (D:2)
  A dart slug (D:1)
  An orc (D:3)
  5 endoplasms
  A giant cockroach (D:1)
  5 goblins
  7 hobgoblins
  2 quokkas
  5 ball pythons
  3 bats
  4 frilled lizards
  5 kobolds
  2 rats (D:1)
45 creatures vanquished.

Notes
Turn   | Place    | Note
-------+----------+-------------------------------------------
     0 | D:1      | Frost42 the Mountain Dwarf Fighter began the quest for the
                  | Orb.
     0 | D:1      | Reached XP level 1. HP: 19/19 MP: 1/1
   188 | D:1      | Reached XP level 2. HP: 27/27 MP: 2/2
  1484 | D:2      | Reached XP level 3. HP: 33/33 MP: 3/3
  1555 | D:2      | Reached skill level 3 in Axes
  2174 | D:3      | Found a faded altar of an unknown god.
  2319 | D:3      | Found a hide-covered altar of Uskayaw.
  2357 | D:3      | Reached XP level 4. HP: 17/40 MP: 4/4
  2516 | D:3      | Noticed Ijyb
  2523 | D:3      | Reached skill level 4 in Axes
  2530 | D:3      | HP: 1/40 [poisoned by Ijyb]
  2531 | D:3      | Succumbed to Ijyb's poison

Illustrated notes

Levels and vault maps discovered:
D:1:      psy_arrival_spokes, layout_basic
D:2:      layout_basic, st_stairs_5, dk_vineyard_1, minmay_misc_feat_five
D:3:      minmay_bubble_buster, layout_basic,
          riverfiend_overflow_shadow_ancestor, nicolae_uskayaw_dance_hall,
          nicolae_ecumenical_pavilion, uniq_ijyb

Skill      XL: |  1  2  3  4 |
---------------+-------------+-----
Axes           | 3 4 |  4.1
Fighting       | |  3.9
Armour         | |  3.7
Dodging        | |  0.2
Shields        | |  3.5

Action                     |  1- 3 |  4- 6 || total
---------------------------+-------+-------++-------
  Melee: War axe           |   132 |     5 ||   137
  Throw: Stone             |     2 |     1 ||     3
    Use: Scroll            |       |     1 ||     1
         Potion            |       |     1 ||     1
 Armour: Scale mail        |   118 |    10 ||   128
  Dodge: Dodged            |    54 |     6 ||    60
  Block: Buckler           |    33 |     1 ||    34

Table legend: (Time is in decaauts)
 A = Elapsed time spent in this place.
 B = Non-inter-level travel time spent in this place.
 C = Inter-level travel time spent in this place.
 D = Time resting spent in this place.
 E = Time spent auto-exploring this place.
 F = Levels seen in this place.
 G = Mean time per level.
                   A        B        C        D        E       F      G
               +--------+--------+--------+--------+--------+-----+--------+
         Total |   2587 |   2180 |    407 |    104 |    697 |   3 |  862.3 |
       Dungeon |   2587 |   2180 |    407 |    104 |    697 |   3 |  862.3 |
               +--------+--------+--------+--------+--------+-----+--------+

Top non-repeatable levels by time:
     D:2: 1139 daAuts
     D:1: 1100 daAuts
     D:3: 348 daAuts
